AoeStats
← bpaquereau

Black Forest

509056442Analyzed
4v4 RM · 8d ago on Sep 25, 2026· 47m 27s· 8 players
Game mode
Random Map
Map size
Large (8 player)
Population
200
Speed
Normal
Resources
Standard
Victory
Conquest
Starting age
Dark Age
Ending age
Imperial Age
RankedLock teamsTeams togetherTeam positionsShared explorationLock speedFull tech treeHidden civsTurbo modeCheats
Victory
Defeat
🇫🇷 Japanese · France
1113
+12
🇦🇷 Britons · Argentina
1058
+14
🇹🇼 Khitans · Taiwan
1045
+15
🇨🇳 Saxons · China
1036
+15
🇨🇳 Bohemians · China
1117
-19
🇬🇧 Ethiopians · United Kingdom
1007
-13
🇮🇳 Huns · India
1000
-40
🇹🇼 Spanish · Taiwan
949
-11
Iron eater
11:27 Feudal Age
11:11 Loom
15:18 Castle Age
13:41 Double-Bit Axe
15:10 Horse Collar
23:20 Wheelbarrow
23:12 Bow Saw
23:23 Heavy Plow
25:05 Hand Cart
26:08 Gold Mining
26:09 Stone Mining
30:12 Imperial Age
28:21 Scale Mail Armor
28:31 Forging
29:17 Chain Mail Armor
29:04 Town Watch
30:15 Caravan
31:22 Iron Casting
31:35 Squires
30:56 Elite Varangian Guard
31:22 Arson
32:11 Plate Mail Armor
32:03 Conscription
31:06 Shield Wall
31:57 Town Patrol
32:34 Fletching
32:46 Padded Archer Armor
32:13 Pikeman
32:40 Gambesons
33:56 Gold Shaft Mining
34:01 Siege Engineers
34:57 Chemistry
34:11 Fortified Wall
33:48 Treadmill Crane
34:00 Onager
34:38 Capped Ram
36:24 Ballistics
37:21 Bodkin Arrow
37:41 Leather Archer Armor
37:26 Siege Ram
41:20 Two-Man Saw
44:39 Murder Holes
44:54 Masonry
45:03 Guilds
TawdryCorn6602
0:34 Loom
14:34 Feudal Age
18:12 Castle Age
15:59 Domestication
16:04 Double-Bit Axe
19:13 Pastoralism
19:42 Bow Saw
23:57 Wheelbarrow
26:25 Gold Mining
26:26 Stone Mining
27:27 Hand Cart
28:45 Caravan
29:16 Coinage
33:12 Imperial Age
30:28 Town Watch
32:08 Stone Shaft Mining
32:01 Lamellar Armor
32:10 Forging
32:00 Scale Mail Armor
32:06 Scale Barding Armor
32:36 Ballistics
33:13 Treadmill Crane
34:24 Banking
34:05 Guilds
34:58 Transhumance
35:30 Two-Man Saw
33:56 Elite Liao Dao
34:59 Conscription
34:59 Town Patrol
36:07 Chemistry
34:50 Light Cavalry
35:30 Husbandry
35:14 Man-at-Arms
35:14 Pikeman
35:43 Gambesons
35:59 Squires
35:44 Arson
36:36 Iron Casting
36:16 Chain Mail Armor
36:22 Chain Barding Armor
36:14 Hussar
39:05 Ordo Cavalry
41:29 Plate Mail Armor
41:35 Plate Barding Armor
45:42 Spies/Treason
bpaquereau
12:24 Feudal Age
16:46 Castle Age
15:11 Double-Bit Axe
15:13 Horse Collar
16:54 Fishing Lines
17:55 Wheelbarrow
18:01 Bow Saw
21:00 Heavy Plow
21:06 Gillnets
23:03 Gold Mining
23:33 Stone Mining
25:18 Hand Cart
27:09 Gold Shaft Mining
27:11 Treadmill Crane
31:05 Imperial Age
29:03 Scale Mail Armor
29:14 Forging
30:11 Chain Mail Armor
30:32 Iron Casting
29:50 Guard Tower
30:13 Masonry
30:23 Ballistics
29:58 Fletching
30:19 Padded Archer Armor
31:10 Bodkin Arrow
32:28 Plate Mail Armor
32:58 Blast Furnace
32:01 Squires
31:46 Arson
31:22 Pikeman
32:40 Keep
31:51 Arrowslits
33:06 Chemistry
33:21 Two-Man Saw
32:59 Bracer
33:14 Leather Archer Armor
32:30 Halberdier
34:54 Ring Archer Armor
34:52 Parthian Tactics
34:33 Thumb Ring
34:38 Siege Engineers
35:05 Conscription
34:47 Yasama
34:58 Town Watch
34:39 Elite Skirmisher
35:46 Kataparuto
35:04 Heavy Cavalry Archer
36:48 Coinage
36:18 Caravan
36:53 Husbandry
37:03 Bloodlines
38:23 Banking
只会出农民
11:24 Feudal Age
15:14 Castle Age
13:43 Double-Bit Axe
13:40 Horse Collar
14:42 Stone Mining
16:37 Bow Saw
21:55 Fletching
23:16 Bodkin Arrow
23:21 Padded Archer Armor
24:49 Wheelbarrow
25:08 Gold Mining
26:33 Gold Shaft Mining
27:30 Ballistics
30:51 Imperial Age
29:51 Hand Cart
29:22 Town Watch
30:21 Leather Archer Armor
32:06 Bracer
35:29 Yeomen
35:15 Arrowslits
35:30 Elite Longbowman
36:41 Warwolf
37:02 Conscription
40:33 Chemistry
39:40 Siege Engineers
40:44 Hoardings
40:44 Ring Archer Armor
41:49 Two-Man Saw
小胖胖
0:36 Loom
12:59 Feudal Age
17:20 Castle Age
15:18 Double-Bit Axe
15:35 Horse Collar
21:19 Fishing Lines
23:54 Gillnets
28:32 Wheelbarrow
29:23 Heavy Plow
31:59 Fortified Wall
32:09 Ballistics
33:07 Scale Barding Armor
33:12 Forging
36:18 Imperial Age
33:46 Stone Mining
35:30 Iron Casting
35:15 Chain Barding Armor
35:19 Husbandry
35:31 Bloodlines
35:54 Caravan
36:28 Masonry
36:57 Gold Mining
37:42 Cavalier
39:33 Blast Furnace
39:09 Plate Barding Armor
39:22 Hand Cart
39:26 Paladin
40:34 Fletching
41:40 Bow Saw
42:19 Coinage
42:02 Guilds
42:57 Town Watch
44:44 Town Patrol
45:21 Conscription
45:56 Architecture
46:30 Chemistry
ShrouD
14:18 Feudal Age
30:34 Castle Age
29:25 Forging
30:35 Horse Collar
31:08 Padded Archer Armor
31:01 Fletching
32:07 Leather Archer Armor
32:00 Scale Barding Armor
32:49 Bodkin Arrow
33:17 Chain Barding Armor
33:00 Scale Mail Armor
33:39 Iron Casting
38:23 Wheelbarrow
38:14 Chain Mail Armor
40:34 Imperial Age
40:51 Squires
41:04 Heavy Plow
MoonRiver
1:23 Loom
12:39 Feudal Age
18:29 Castle Age
17:36 Wheelbarrow
19:24 Wheelbarrow
22:27 Double-Bit Axe
22:32 Horse Collar
25:50 Heavy Plow
26:14 Bow Saw
33:26 Imperial Age
30:57 Gold Mining
30:58 Stone Mining
32:46 Gold Shaft Mining
32:46 Stone Shaft Mining
33:10 Hand Cart
35:18 Chemistry
36:12 Two-Man Saw
35:32 Caravan
折枝
6:30 Loom
11:13 Feudal Age
12:48 Double-Bit Axe
15:25 Castle Age
14:52 Wheelbarrow
14:00 Horse Collar
16:31 Bow Saw
16:22 Heavy Plow
28:42 Imperial Age
27:00 Hand Cart
26:34 Town Watch
27:33 Ballistics
28:14 Chemistry
28:20 Pikeman
29:00 Squires
28:46 Arson
29:16 Forging
29:11 Scale Barding Armor
29:09 Scale Mail Armor
30:47 Two-Man Saw
31:13 Conscription
31:01 Hussite Reforms
31:18 Siege Engineers
32:32 Iron Casting
32:12 Chain Mail Armor
31:22 Halberdier
34:45 Houfnice
37:09 Blast Furnace
36:39 Plate Mail Armor
36:26 Fortified Wall
36:12 Murder Holes
36:27 Masonry
39:13 Caravan
Connection lost

Rejoining the realm…

Still unreachable

The connection could not be restored.

Session expired

The server has moved on; the page needs a fresh start.